3A
BELLEVILLE BULLS @ DELAWARE 1787 BC
08/08/2027
 
TOP OF THE 1ST
Belleville Bulls batting - Pitching for Delaware 1787 BC : RHP Pedro Reynoso
Pitching: RHP Pedro Reynoso
Batting: RHB Vicente Mena 0-0: Ball
1-0: Called Strike
1-1: Ball
2-1: Ball
3-1: Called Strike
3-2: Fly out, F7 (Flyball, 7)
Batting: LHB José Gómez 0-0: Called Strike
0-1: Hit by Pitch
Batting: LHB Ken Stroud 0-0: Ground out 3-1 (Groundball, 34S)
José Gómez to second
Batting: RHB Mike Jennings 0-0: Called Strike
0-1: Ball
1-1: Ball
2-1: Ball
3-1: Foul Ball, location: 2F
3-2: Base on Balls
Batting: RHB Ron Bernard 0-0: Called Strike
0-1: Ball
1-1: Ball
2-1: Called Strike
2-2: Foul Ball, location: 2F
2-2: SINGLE (Line Drive, 9S)
José Gómez to third
Mike Jennings to second
Runner from 3rd tries for Home, SAFE, throw made at trailing runner, OUT at third!
Top of the 1st over - 1 run(s), 1 hit(s), 0 error(s), 1 left on base; Belleville 1 - Delaware 0
BOTTOM OF THE 1ST
Delaware 1787 BC batting - Pitching for Belleville Bulls : RHP Héctor Aguilar
Pitching: RHP Héctor Aguilar
Batting: RHB David Wooderson 0-0: Ball
1-0: SINGLE (Groundball, 6MD)
Batting: RHB José Rodríguez 0-0: Called Strike
0-1: Ball
1-1: SINGLE (Groundball, 6MD)
David Wooderson to second
Runner from 2nd tries for 3rd, SAFE, throw made to third
Batting: LHB Juan Ledezma 0-0: Grounds into double play, 4-6-3 (Groundball, 4)
David Wooderson scores
Batting: RHB Phil Moore 0-0: Called Strike
0-1: Called Strike
0-2: Ball
1-2: Fly out, F9 (Line Drive, 89M)
Bottom of the 1st over - 1 run(s), 2 hit(s), 0 error(s), 0 left on base; Belleville 1 - Delaware 1
TOP OF THE 2ND
Belleville Bulls batting - Pitching for Delaware 1787 BC : RHP Pedro Reynoso
Batting: RHB Alejandro Serrato 0-0: Ball
1-0: Ball
2-0: Foul Ball, location: 2F
2-1: Foul Ball, location: 2F
2-2: SINGLE (Groundball, 4D)
Batting: RHB Lloyd Regis 0-0: Foul Ball, location: 2F
0-1: Foul Ball, location: 2F
0-2: Ball
1-2: Strikes out swinging
Batting: RHB Leonardo Sotelo 0-0: Ball
1-0: Ball
2-0: Foul Ball, location: 2F
2-1: Ball
3-1: Called Strike
3-2: Grounds into double play, 4-6-3 (Groundball, 4M)
Top of the 2nd over - 0 run(s), 1 hit(s), 0 error(s), 0 left on base; Belleville 1 - Delaware 1
BOTTOM OF THE 2ND
Delaware 1787 BC batting - Pitching for Belleville Bulls : RHP Héctor Aguilar
Batting: RHB Randy Sheffield 0-0: Called Strike
0-1: Foul Ball, location: 2F
0-2: Ball
1-2: Strikes out swinging
Batting: RHB John Willoughby 0-0: Foul Ball, location: 2F
0-1: Ball
1-1: Ball
2-1: Fly out, F8 (Flyball, 8RM)
Batting: LHB Chase Popoff 0-0: Foul Ball, location: 2F
0-1: Ball
1-1: Ball
2-1: Swinging Strike
2-2: Foul Ball, location: 2F
2-2: Ball
3-2: Base on Balls
Batting: LHB Donovan Inman 0-0: Swinging Strike
0-1: Swinging Strike
0-2: Strikes out swinging
Bottom of the 2nd over - 0 run(s), 0 hit(s), 0 error(s), 1 left on base; Belleville 1 - Delaware 1
TOP OF THE 3RD
Belleville Bulls batting - Pitching for Delaware 1787 BC : RHP Pedro Reynoso
Batting: LHB Alan Shaw 0-0: Swinging Strike
0-1: Ball
1-1: Fly out, F9 (Flyball, 9LSF)
Batting: RHB Vicente Mena 0-0: Ball
1-0: Called Strike
1-1: Foul Ball, location: 2F
1-2: Strikes out swinging
Batting: LHB José Gómez 0-0: Ball
1-0: Ball
2-0: Foul Ball, location: 2F
2-1: Ball
3-1: Ground out 4-3 (Groundball, 4)
Top of the 3rd over - 0 run(s), 0 hit(s), 0 error(s), 0 left on base; Belleville 1 - Delaware 1
BOTTOM OF THE 3RD
Delaware 1787 BC batting - Pitching for Belleville Bulls : RHP Héctor Aguilar
Batting: RHB Toyozo Yamasaki 0-0: Swinging Strike
0-1: Foul Ball, location: 2F
0-2: Foul Ball, location: 2F
0-2: SINGLE (Line Drive, 89S)
Batting: RHB David Wooderson 0-0: Called Strike
0-1: SINGLE (Groundball, 56S) (infield hit)
Toyozo Yamasaki to second
Batting: RHB José Rodríguez 0-0: Ball
1-0: Fly out, F9 (Flyball, 9LS)
Batting: LHB Juan Ledezma 0-0: Called Strike
0-1: Foul Ball, location: 2F
0-2: Strikes out swinging
Batting: RHB Phil Moore 0-0: Called Strike
0-1: Swinging Strike
0-2: Foul Ball, location: 2F
0-2: Strikes out looking
Bottom of the 3rd over - 0 run(s), 2 hit(s), 0 error(s), 2 left on base; Belleville 1 - Delaware 1
TOP OF THE 4TH
Belleville Bulls batting - Pitching for Delaware 1787 BC : RHP Pedro Reynoso
Batting: LHB Ken Stroud 0-0: Swinging Strike
0-1: Ball
1-1: Foul Ball, location: 2F
1-2: Strikes out swinging
Batting: RHB Mike Jennings 0-0: Called Strike
0-1: Ball
1-1: Swinging Strike
1-2: Foul Ball, location: 2F
1-2: Strikes out looking
Batting: RHB Ron Bernard 0-0: Ground out 4-3 (Groundball, 4)
Top of the 4th over - 0 run(s), 0 hit(s), 0 error(s), 0 left on base; Belleville 1 - Delaware 1
BOTTOM OF THE 4TH
Delaware 1787 BC batting - Pitching for Belleville Bulls : RHP Héctor Aguilar
Batting: RHB Randy Sheffield 0-0: Called Strike
0-1: Ball
1-1: Reached on error, E4 (Groundball, 4)
Batting: RHB John Willoughby 0-0: Swinging Strike
0-1: Swinging Strike
0-2: Foul Ball, location: 2F
0-2: Ball
1-2: SINGLE (Line Drive, 8LS)
Randy Sheffield to second
Runner from 2nd tries for 3rd, SAFE, throw made to third
Batting: LHB Chase Popoff 0-0: Ball
1-0: Grounds into double play, 4-6-3 (Groundball, 4)
Randy Sheffield scores
Batting: LHB Donovan Inman 0-0: Ball
1-0: Swinging Strike
1-1: Called Strike
1-2: Strikes out swinging, 2-3 out at first.
Bottom of the 4th over - 1 run(s), 1 hit(s), 1 error(s), 0 left on base; Belleville 1 - Delaware 2
TOP OF THE 5TH
Belleville Bulls batting - Pitching for Delaware 1787 BC : RHP Pedro Reynoso
Batting: RHB Alejandro Serrato 0-0: Ball
1-0: Foul Ball, location: 2F
1-1: SINGLE (Line Drive, 6MD)
Batting: RHB Lloyd Regis 0-0: Bunted foul
0-1: Sac Bunt - play at second, runner OUT! 1-6
Batting: RHB Leonardo Sotelo 0-0: Ball
1-0: SINGLE (Groundball, 6MD)
Lloyd Regis to second
Runner from 2nd tries for 3rd, SAFE, no throw
Batting: LHB Alan Shaw 0-0: Ball
1-0: Ball
2-0: Ball
3-0: Base on Balls
Leonardo Sotelo to second
Batting: RHB Vicente Mena 0-0: Called Strike
0-1: Ball
1-1: Called Strike
1-2: Ball
2-2: Ball
3-2: Fielders Choice at 2nd, 6-4 (Groundball, 6)
Lloyd Regis scores
Leonardo Sotelo to third
Batting: LHB José Gómez 0-0: Called Strike
0-1: Ball
1-1: Ball
2-1: Ball
3-1: Fielders Choice at 2nd, 6-4 (Groundball, 6)
Top of the 5th over - 1 run(s), 2 hit(s), 0 error(s), 1 left on base; Belleville 2 - Delaware 2
BOTTOM OF THE 5TH
Delaware 1787 BC batting - Pitching for Belleville Bulls : RHP Héctor Aguilar
Batting: RHB Toyozo Yamasaki 0-0: Swinging Strike
0-1: Ball
1-1: Foul Ball, location: 2F
1-2: Strikes out swinging
Batting: RHB David Wooderson 0-0: Ball
1-0: Ball
2-0: Called Strike
2-1: Swinging Strike
2-2: Foul Ball, location: 2F
2-2: Strikes out swinging
Batting: RHB José Rodríguez 0-0: Ball
1-0: Called Strike
1-1: Called Strike
1-2: Ball
2-2: Strikes out swinging
Bottom of the 5th over - 0 run(s), 0 hit(s), 0 error(s), 0 left on base; Belleville 2 - Delaware 2
TOP OF THE 6TH
Belleville Bulls batting - Pitching for Delaware 1787 BC : RHP Pedro Reynoso
Batting: LHB Ken Stroud 0-0: Called Strike
0-1: Swinging Strike
0-2: SINGLE (Line Drive, 4MD)
Batting: RHB Mike Jennings 0-0: Ball
Throwing error on steal attempt, E2
Ken Stroud to third
1-0: SINGLE (Line Drive, 9S)
Ken Stroud scores
Batting: RHB Ron Bernard 0-0: Fly out, F9 (Flyball, 9S)
Batting: RHB Alejandro Serrato 0-0: Fly out, F8 (Flyball, 8RM)
Batting: RHB Lloyd Regis 0-0: Called Strike
0-1: Ball
1-1: Ball
2-1: Swinging Strike
2-2: Strikes out swinging
Top of the 6th over - 1 run(s), 2 hit(s), 1 error(s), 1 left on base; Belleville 3 - Delaware 2
BOTTOM OF THE 6TH
Delaware 1787 BC batting - Pitching for Belleville Bulls : RHP Héctor Aguilar
Batting: LHB Juan Ledezma 0-0: Ball
1-0: Ball
2-0: Ball
3-0: Foul Ball, location: 2F
3-1: Called Strike
3-2: Base on Balls
Batting: RHB Phil Moore 0-0: Called Strike
0-1: Ball
1-1: Ball
Throwing error on steal attempt, E2
Juan Ledezma to third
2-1: DOUBLE (Line Drive, 7LM)
Juan Ledezma scores
Pinch Runner at 2nd Alejandro Sánchez:
Batting: RHB Randy Sheffield 0-0: Intentional Walk
Batting: RHB John Willoughby 0-0: Ball
1-0: Bunted foul
1-1: Sac Bunt - play at first, batter OUT! 3-4
Alejandro Sánchez to third
Randy Sheffield to second
Batting: LHB Chase Popoff 0-0: Intentional Walk
Batting: LHB Donovan Inman 0-0: Ball
1-0: Ball
2-0: Called Strike
2-1: Foul Ball, location: 2F
2-2: Foul Ball, location: 2F
2-2: SINGLE (Groundball, 4MD)
Alejandro Sánchez scores
Randy Sheffield to third
Chase Popoff to second
Runner from 3rd tries for Home, SAFE, throw made home
Chase Popoff to third
Donovan Inman to second
Batting: RHB Toyozo Yamasaki 0-0: Ball
1-0: Ground out 4-3 (Groundball, 4MS)
Batting: RHB David Wooderson 0-0: Ball
1-0: Called Strike
1-1: Foul Ball, location: 2F
1-2: DOUBLE (Line Drive, 7LM)
Chase Popoff scores
Donovan Inman scores
Pitching: RHP Ron Burgundy
Batting: RHB José Rodríguez 0-0: Ball
1-0: Called Strike
David Wooderson steals 3rd base
1-1: Ball
2-1: Ball
3-1: Called Strike
3-2: Foul Ball, location: 2F
3-2: Foul Ball, location: 2F
3-2: Ground out 6-3 (Groundball, 6)
Bottom of the 6th over - 5 run(s), 3 hit(s), 1 error(s), 1 left on base; Belleville 3 - Delaware 7
TOP OF THE 7TH
Belleville Bulls batting - Pitching for Delaware 1787 BC : RHP Pedro Reynoso
Now at 3B: Alejandro Sánchez
Batting: RHB Leonardo Sotelo 0-0: Ball
1-0: Ground out 1-3 (Groundball, 13)
Batting: LHB Alan Shaw 0-0: Ball
1-0: Ball
2-0: Swinging Strike
2-1: Ball
3-1: Foul Ball, location: 2F
3-2: Foul Ball, location: 2F
3-2: Strikes out looking
Batting: RHB Vicente Mena 0-0: Ball
1-0: Ball
2-0: Fly out, F5 (Popup, 5L)
Top of the 7th over - 0 run(s), 0 hit(s), 0 error(s), 0 left on base; Belleville 3 - Delaware 7
BOTTOM OF THE 7TH
Delaware 1787 BC batting - Pitching for Belleville Bulls : RHP Ron Burgundy
Batting: LHB Juan Ledezma 0-0: Called Strike
0-1: Ball
1-1: Ball
2-1: Ball
3-1: Fly out, F8 (Flyball, 8RM)
Batting: RHB Alejandro Sánchez 0-0: Foul Ball, location: 2F
0-1: Ball
1-1: Foul Ball, location: 2F
1-2: SINGLE (Flyball, 8RS)
Batting: RHB Randy Sheffield 0-0: Called Strike
0-1: Called Strike
0-2: Ball
1-2: Strikes out swinging
Batting: RHB John Willoughby 0-0: Called Strike
0-1: Called Strike
0-2: Foul Ball, location: 2F
0-2: Strikes out swinging
Bottom of the 7th over - 0 run(s), 1 hit(s), 0 error(s), 1 left on base; Belleville 3 - Delaware 7
TOP OF THE 8TH
Belleville Bulls batting - Pitching for Delaware 1787 BC : RHP Pedro Reynoso
Batting: LHB José Gómez 0-0: Called Strike
0-1: Swinging Strike
0-2: Strikes out swinging
Batting: LHB Ken Stroud 0-0: Ball
1-0: SINGLE (Line Drive, 4M)
Pitching: RHP Rudy Byrd
Batting: RHB Mike Jennings 0-0: Ball
1-0: Called Strike
1-1: Called Strike
1-2: Ball
2-2: Ball
3-2: Base on Balls
Ken Stroud to second
Pitching: RHP Gabriel Chávez
Batting: RHB Ron Bernard 0-0: Called Strike
0-1: Ball
1-1: Swinging Strike
1-2: Strikes out swinging
Batting: RHB Alejandro Serrato 0-0: Ball
1-0: Ball
2-0: Ball
3-0: Called Strike
3-1: Base on Balls
Ken Stroud to third
Mike Jennings to second
Batting: RHB Lloyd Regis 0-0: Called Strike
0-1: Foul Ball, location: 2F
0-2: Ball
1-2: Ball
2-2: Ball
3-2: Base on Balls
Ken Stroud scores
Mike Jennings to third
Alejandro Serrato to second
Batting: RHB Leonardo Sotelo 0-0: Ball
1-0: Fielders Choice at 2nd, 5-4 (Groundball, 56)
Top of the 8th over - 1 run(s), 1 hit(s), 0 error(s), 2 left on base; Belleville 4 - Delaware 7
BOTTOM OF THE 8TH
Delaware 1787 BC batting - Pitching for Belleville Bulls : RHP Ron Burgundy
Batting: LHB Chase Popoff 0-0: Ball
1-0: Fly out, F7 (Flyball, 7D)
Batting: LHB Donovan Inman 0-0: Ball
1-0: SINGLE (Flyball, 8LS)
Batting: RHB Toyozo Yamasaki 0-0: Ball
1-0: Fielders Choice at 2nd, 1-6 (Groundball, P)
Batting: RHB David Wooderson 0-0: Ball
1-0: Swinging Strike
1-1: Foul Ball, location: 2F
1-2: Strikes out swinging
Bottom of the 8th over - 0 run(s), 1 hit(s), 0 error(s), 1 left on base; Belleville 4 - Delaware 7
TOP OF THE 9TH
Belleville Bulls batting - Pitching for Delaware 1787 BC : RHP Gabriel Chávez
Pitching: LHP Doppo Omikado
Batting: LHB Alan Shaw 0-0: Called Strike
0-1: Foul Ball, location: 2F
0-2: Ball
1-2: Strikes out swinging
Batting: RHB Vicente Mena 0-0: Ball
1-0: Called Strike
1-1: Foul Ball, location: 2F
1-2: Strikes out swinging
Batting: LHB José Gómez 0-0: Ball
1-0: Foul Ball, location: 2F
1-1: Ball
2-1: Swinging Strike
2-2: Strikes out looking
Top of the 9th over - 0 run(s), 0 hit(s), 0 error(s), 0 left on base; Belleville 4 - Delaware 7
Saturday, May 26th, 2018 - OOTP Baseball 17.12 Build 75